 Dungeon Crawl Stone Soup version 0.27.1-34-g3ba077fa99 (webtiles) character file.

Game seed: 16498523094086649518

1007 comborobin the Grappler (level 8, 0/74 HPs)
             Began as a Troll Delver on Jan 8, 2022.
             Splashed by an acid dragon's acid (9 damage)
             ... on level 6 of the Dungeon.
             The game lasted 00:02:16 (2098 turns).

comborobin the Grappler (Troll Delver)              Turns: 2098, Time: 00:02:17

Health: 0/74       AC: -3    Str: 22    XL:     8   Next: 0%
Magic:  7/7        EV: 10    Int:  6    God:
Gold:   157        SH:  0    Dex: 12    Spells: 7/7 levels left

rFire    . . .     SeeInvis .     - Unarmed
rCold    . . .     Faith    .   (no shield)
rNeg     . . .     Spirit   .   a - +0 robe
rPois    .         Reflect  .   (helmet restricted)
rElec    .         Harm     .   r - +0 cloak
rCorr    .         Rampage  .   (gloves unavailable)
Will     .....                  (boots unavailable)
Stlth    ++........             (no amulet)
HPRegen  1.22/turn              g - ring of wizardry
MPRegen  0.10/turn              n - ring of flight

@: corroded, flying
A: large, unfitting armour, claws 3, regeneration 1, shaggy fur 1, tough skin 1
a: no special abilities


You were on level 6 of the Dungeon.
You visited 2 branches of the dungeon, and saw 5 of its levels.

You collected 157 gold pieces.

Inventory:

Missiles
 q - 3 curare-tipped darts (quivered)
Armour
 a - a +0 robe (worn)
 r - a +0 cloak (worn)
Jewellery
 g - a ring of wizardry (left claw)
 n - a ring of flight (right claw)
Wands
 f - a wand of digging (3)
 l - a wand of acid (3)
Scrolls
 b - a scroll of fog
 d - a scroll of fear
 i - a scroll of acquirement {unknown}
 k - 2 scrolls of identify {unknown}
 m - a scroll of teleportation {unknown}
 p - a scroll of blinking {unknown}
 s - a scroll of enchant weapon {unknown}
Potions
 c - 2 potions of curing {unknown}
 h - a potion of berserk rage {unknown}
 j - a potion of attraction {unknown}
 o - a potion of lignification {unknown}


   Skills:
 - Level 2.4 Fighting
 - Level 1.5 Dodging
 - Level 2.7 Stealth
 + Level 9.5 Unarmed Combat


You had 7 spell levels left.
You didn't know any spells.
Your spell library was empty.

Dungeon Overview and Level Annotations

Branches:
Dungeon (6/15)             Temple (1/1) D:5

Altars:
Ashenzari
Elyvilon
Fedhas
Makhleb
Nemelex Xobeh
Okawaru
Ru
Trog
Uskayaw
Vehumet
Wu Jian
Xom
Yredelemnul
Zin
The Shining One

Annotations:
D:4 2 transporters, dnasty's ghost, amateur OgFE


Innate Abilities, Weirdness & Mutations

You are too large for most types of armour.
You have claws for hands.
Your natural rate of healing is unusually fast.
You are covered in fur. (AC +1)
You have tough skin. (AC +1)


Message History

Press: ? - help, Q - select action, (/) - cycle Shift-Dir - straight line, f/p - gnoll
Aim: a gnoll, wielding a +0 spear (severely wounded, very poisoned, slow, 61% to hit)
You throw a curare-tipped dart. The curare-tipped dart hits the gnoll.
The gnoll looks as sick as possible!
The gnoll convulses.
The gnoll seems to be slow for longer.
The gnoll is almost dead.
You kill the gnoll!
You have reached level 8!
The acid dragon spits acid at you. The splash of acid hits you!
The acid corrodes you!
You are splashed with acid!
Things that are here:
a +0 spear; 13 gold pieces; a gnoll corpse You closely miss the acid dragon.
You closely miss the acid dragon. The acid dragon bites you!
The acid dragon claws you.
You closely miss the acid dragon. The acid dragon bites you!
The acid dragon claws you.
You scratch the acid dragon.
The acid dragon is lightly wounded.
The acid dragon misses you.
The acid dragon claws you but does no damage.
You claw the acid dragon!
The acid dragon is heavily wounded.
The acid dragon bites you! The acid dragon claws you.
You closely miss the acid dragon.
The acid dragon is heavily wounded.
You claw the acid dragon!
The acid dragon is almost dead.
The acid dragon bites you!
* * * LOW HITPOINT WARNING * * *
The acid dragon claws you.
* * * LOW HITPOINT WARNING * * *
You barely miss the acid dragon.
You claw the acid dragon, but do no damage.
The acid dragon is almost dead.
The acid dragon spits acid at you. The splash of acid hits you.
* * * LOW HITPOINT WARNING * * *
The acid corrodes you!
You are splashed with acid!
You die...

*****,,..................#....#..
*,,,+,,..................#....#..
,,,,*,,,...........########+###..
,,,,*****#......(..# *,,,,,...
******,,,#.........# *,,,,,...
*,,,**,,,#.........# *,,,,,...
,,,,,,,,,#......(..# *,,,,,,,,
*,,,,,,,,#......D..# *,,,,,,,,
*,,,,,,,,#......@..# *,,,,,,,,
+,,,,,,,,+.........# *,,,,,,,,
*,,,,,,,,#......<..# *,,,,,,,,
*,,,,,,,,#......รท..# *,,,,,,,,
*,,,**,,,#.........# ********+
*,,,**,,,#.........# *,,,,,,,
,,,,,*,,,#.........# **,,,,,,,
,,,,,*,,,#.........# *,,,,,,,,
,,,,,*,,,#.........# ********+


You could see an acid dragon (catching breath).

Vanquished Creatures
  Menkaure (D:4)
  A water moccasin (D:5)
  An ice beast (D:6)
  A necrophage (D:4)
  An ogre (D:4)
  A phantom (D:5)
  A bullfrog (D:6)
  2 scorpions (D:5)
  A jelly (D:4)
  A centaur zombie (D:5)
  Crazy Yiuf (D:5)
  A gnoll shaman (D:6)
  Ijyb (D:5)
  A hound skeleton (D:4)
  2 howler monkey zombies (D:5)
  4 gnolls
  An adder (D:4)
  An ufetubus (D:5)
  A worm (D:4)
  3 orcs
  4 endoplasms (D:4)
  A goblin (D:4)
  A hobgoblin (D:4)
  4 jackals (D:4)
  2 quokkas
39 creatures vanquished.

Notes
Turn   | Place    | Note
-------+----------+-------------------------------------------
     0 | D:5      | comborobin the Troll Delver began the quest for the Orb.
     0 | D:5      | Reached XP level 1. HP: 22/22 MP: 0/0
    81 | D:5      | Noticed a water moccasin
    88 | D:5      | Killed a water moccasin
    89 | D:5      | Reached skill level 4 in Unarmed Combat
    89 | D:5      | Reached XP level 2. HP: 21/29 MP: 1/1
    89 | D:5      | Reached XP level 3. HP: 26/36 MP: 2/2
    89 | D:5      | Reached XP level 4. HP: 32/44 MP: 3/3
   117 | D:5      | Noticed a scorpion
   128 | D:5      | Killed a scorpion
   129 | D:5      | Reached skill level 5 in Unarmed Combat
   129 | D:5      | Reached XP level 5. HP: 26/50 MP: 4/4
   282 | D:4      | Reached skill level 6 in Unarmed Combat
   372 | D:4      | Noticed Menkaure
   379 | D:4      | Killed Menkaure
   380 | D:4      | Reached skill level 7 in Unarmed Combat
   380 | D:4      | Reached XP level 6. HP: 27/59 MP: 5/5
   492 | D:4      | Found a sparkling altar of Nemelex Xobeh.
   522 | D:4      | Noticed dnasty's ghost (amateur OgFE)
   522 | D:4      | Identified the +11 great mace of Thoughtfulness {flame,
                  | Str+4}
   524 | D:4      | Found a transporter.
   529 | D:4      | Found a transporter.
   599 | D:4      | Reached XP level 7. HP: 61/66 MP: 6/6
   824 | D:5      | Noticed Ijyb
   958 | D:5      | Found an ornate altar of the Wu Jian Council.
  1127 | D:5      | Reached skill level 8 in Unarmed Combat
  1195 | D:5      | Found a staircase to the Ecumenical Temple.
  1274 | Temple   | Entered the Ecumenical Temple
  1443 | D:5      | Killed Ijyb
  1560 | D:5      | Found a runed translucent door.
  1561 | D:5      | Noticed Crazy Yiuf
  1568 | D:5      | Killed Crazy Yiuf
  1667 | D:6      | Reached skill level 9 in Unarmed Combat
  2090 | D:6      | Reached XP level 8. HP: 74/74 MP: 7/7
  2098 | D:6      | Splashed by an acid dragon's acid

Illustrated notes

Levels and vault maps discovered:
D:3:      layout_rooms, serial_co_window_serial, co_window_paths_b,
          co_window_paths_a, co_window_corner_a, co_window_paths_a,
          co_window_corner_a, co_window_broadway_c, co_window_corner_b,
          co_window_broadway_a, co_window_2corner, co_window_paths_d,
          co_window_paths_e
D:4:      layout_basic, mainiacjoe_overflow_alcove_2, gammafunk_ghost_smash,
          kennysheep_generic_room_7, uniq_menkaure
D:5:      layout_loops_ring, nzn_wu_jian_contemplation,
          minmay_temple_entry_poolview, chequers_serial_rivers_micro_d,
          grunt_decor_mini_mirrors, uniq_ijyb, uniq_crazy_yiuf_cottage
D:6:      layout_gridville, mainiacjoe_overflow_catwalk_spiral,
          lightli_sewer_entry_pipes, uniq_duvessa, uniq_pikel
Temple:   nicolae_temple_god_jail

Skill      XL: |  1  2  3  4  5  6  7 |
---------------+----------------------+-----
Unarmed Combat | 4 5 7 9 |  9.5
Fighting       | |  2.4
Dodging        | |  1.5
Stealth        | |  2.7

Action                   |  1- 3 |  4- 6 |  7- 9 || total
-------------------------+-------+-------+-------++-------
Melee: Unarmed           |     7 |    68 |    59 ||   134
       Punch             |     1 |     2 |     1 ||     4
Throw: Dart              |       |     1 |    11 ||    12
  Use: Scroll            |     1 |       |     1 ||     2
       Potion            |       |       |     2 ||     2
 Stab: Sleeping          |       |     1 |     1 ||     2
Armor: Robe              |     4 |     7 |    14 ||    25
Dodge: Dodged            |     3 |    26 |    36 ||    65
